[Event "POL-chT 2 Liga 2019"]
[Site "Poronin"]
[Date "2019.09.10"]
[Round "4.41"]
[White "Kwiatkowski, Wiktor"]
[Black "Koloczek, Maciej"]
[Result "1-0"]
[ECO "E81"]
[WhiteElo "2011"]
[BlackElo "1932"]
[Annotator "NA"]
[PlyCount "53"]
[EventDate "2019.09.07"]
[EventType "team-tourn"]
[EventCountry "POL"]
[SourceTitle "playchess.com"]
[Source "ChessBase"]
[SourceQuality "1"]
[TimeControl "40/5400+30:1800+30"]

1. d4 Nf6 2. c4 g6 3. Nc3 Bg7 4. e4 d6 5. f3 O-O 6. Nge2 c5 7. d5 e6 8. Ng3 exd5 9. cxd5 Na6 10. Be2 Nc7 11. a4 h5 12. Bg5 Qe8 13. Nf1 Nd7 14. Nd2 Ne5 15. O-O f6 16. Be3 f5 17. f4 Nf7 18. e5 dxe5 19. Bxc5 exf4 20. Bc4 Ne5 21. Re1 Qd8 22. Bxf8 Qxf8 23. d6+ Be6 24. dxc7 Bxc4 25. Nxc4 Nxc4 26. Qd5+ Qf7 27. Qxb7 1-0

[Event "POL-chT 2 Liga 2019"]
[Site "Poronin"]
[Date "2019.09.10"]
[Round "4.42"]
[White "Adamczyk, Zuzanna"]
[Black "Pastuszko, Kinga"]
[Result "1/2-1/2"]
[ECO "B92"]
[WhiteElo "1938"]
[BlackElo "1998"]
[Annotator "NA"]
[PlyCount "72"]
[EventDate "2019.09.07"]
[EventType "team-tourn"]
[EventCountry "POL"]
[SourceTitle "playchess.com"]
[Source "ChessBase"]
[SourceQuality "1"]
[TimeControl "40/5400+30:1800+30"]

1. e4 c5 2. Nf3 d6 3. d4 cxd4 4. Nxd4 Nf6 5. Nc3 a6 6. Be2 e5 7. Nf3 Be7 8. Bg5 Be6 9. Bxf6 Bxf6 10. Nd5 Nc6 11. c3 Ne7 12. Bc4 Nxd5 13. Bxd5 Qb6 14. O-O O-O 15. Rb1 Rac8 16. Qd3 Rfd8 17. Rfd1 Bxd5 18. Qxd5 Rc5 19. Qd3 Qc6 20. Rbc1 a5 21. c4 Be7 22. b3 f5 23. exf5 e4 24. Qe3 exf3 25. Qxe7 Re8 26. Qg5 Qe4 27. gxf3 Rxf5 28. Qxg7+ Kxg7 29. fxe4 Rxe4 30. Rc2 Rf6 31. Rcd2 Rg4+ 32. Kf1 Rgf4 33. Kg2 Rg4+ 34. Kf1 Rgf4 35. Kg2 Rg4+ 36. Kf1 Rgf4 1/2-1/2

[Event "POL-chT 2 Liga 2019"]
[Site "Poronin"]
[Date "2019.09.10"]
[Round "4.43"]
[White "Mulet, Piotr"]
[Black "Bobula, Mateusz"]
[Result "0-1"]
[ECO "C08"]
[WhiteElo "2230"]
[BlackElo "2326"]
[Annotator "NA"]
[PlyCount "80"]
[EventDate "2019.09.07"]
[EventType "team-tourn"]
[EventCountry "POL"]
[SourceTitle "playchess.com"]
[Source "ChessBase"]
[SourceQuality "1"]
[TimeControl "40/5400+30:1800+30"]

1. e4 e6 2. d4 d5 3. Nd2 c5 4. exd5 exd5 5. Ngf3 Nf6 6. Bb5+ Bd7 7. Qe2+ Be7 8. dxc5 O-O 9. Nb3 Re8 10. Be3 a6 11. Bd3 Ba4 12. Nfd4 Nbd7 13. O-O Bxb3 14. Nxb3 Nxc5 15. Qd1 Nxb3 16. axb3 Qc7 17. Qf3 Bc5 18. Bf4 Qb6 19. Rae1 Qb4 20. Be5 Qg4 21. Qxg4 Nxg4 22. Bg3 Nf6 23. Bf4 Ne4 24. Bxe4 dxe4 25. Rd1 Rad8 26. Be3 Be7 27. Bb6 Rc8 28. c3 Rc6 29. Be3 Rd6 30. Rxd6 Bxd6 31. Rd1 Bc7 32. g4 Rd8 33. Re1 h5 34. h3 hxg4 35. hxg4 g6 36. Bd4 f5 37. f3 Bg3 38. Rf1 Rxd4 39. cxd4 e3 40. gxf5 gxf5 0-1

[Event "POL-chT 2 Liga 2019"]
[Site "Poronin"]
[Date "2019.09.10"]
[Round "4.45"]
[White "Bachorczyk, Marcin"]
[Black "Gesicki, Jacek"]
[Result "1-0"]
[ECO "B20"]
[WhiteElo "2069"]
[BlackElo "2234"]
[Annotator "NA"]
[PlyCount "59"]
[EventDate "2019.09.07"]
[EventType "team-tourn"]
[EventCountry "POL"]
[SourceTitle "playchess.com"]
[Source "ChessBase"]
[SourceQuality "1"]
[TimeControl "40/5400+30:1800+30"]

1. e4 c5 2. g3 Nc6 3. Bg2 g6 4. d3 Bg7 5. f4 d6 6. Nf3 e6 7. O-O Nge7 8. c3 O-O 9. Be3 b6 10. Bf2 e5 11. Nbd2 Ba6 12. Qe2 exf4 13. gxf4 d5 14. e5 Nf5 15. Rfe1 Bh6 16. Bg3 Re8 17. Bh3 Nxg3 18. hxg3 f6 19. Nf1 fxe5 20. fxe5 Nxe5 21. Nxe5 Bg7 22. Qf3 Bxe5 23. Bg2 Bb7 24. Re2 Qd7 25. Ne3 Rf8 26. Qg4 Qxg4 27. Nxg4 Bg7 28. Re7 h5 29. Rxb7 hxg4 30. Bxd5+ {[%emt 0:00:11] Rab8 Rc7+ Rb7} 1-0

[Event "POL-chT 2 Liga 2019"]
[Site "Poronin"]
[Date "2019.09.10"]
[Round "4.46"]
[White "Sendera, Jaroslaw"]
[Black "Pawlowski, Maciej"]
[Result "1-0"]
[ECO "C11"]
[WhiteElo "2203"]
[BlackElo "1948"]
[Annotator "NA"]
[PlyCount "75"]
[EventDate "2019.09.07"]
[EventType "team-tourn"]
[EventCountry "POL"]
[SourceTitle "playchess.com"]
[Source "ChessBase"]
[SourceQuality "1"]
[TimeControl "40/5400+30:1800+30"]

1. e4 e6 2. Nf3 d5 3. Nc3 Nf6 4. e5 Nfd7 5. d4 c5 6. dxc5 Nc6 7. Bf4 Bxc5 8. Bd3 f6 9. exf6 Nxf6 10. O-O O-O 11. Ne5 a6 12. Qe2 Bd6 13. Rae1 Qc7 14. Bg3 Nxe5 15. Bxe5 Bd7 16. Bxd6 Qxd6 17. Qe5 Qb6 18. b3 Rae8 19. h3 Qb4 20. f4 g6 21. a4 b5 22. axb5 Bxb5 23. Nxb5 axb5 24. Kh2 Nd7 25. Qg5 Kg7 26. Ra1 Nc5 27. Ra7+ Rf7 28. Rxf7+ Kxf7 29. f5 exf5 30. Bxf5 gxf5 31. Rxf5+ Ke6 32. Rf6+ Kd7 33. Qxd5+ Kc8 34. Qc6+ Kd8 35. Rd6+ Ke7 36. Qc7+ Kf8 37. Rf6+ Kg8 38. Qf7+ 1-0

[Event "POL-chT 2 Liga 2019"]
[Site "Poronin"]
[Date "2019.09.10"]
[Round "4.47"]
[White "Sroka, Janusz"]
[Black "Polok, Rafal"]
[Result "0-1"]
[ECO "C05"]
[WhiteElo "1876"]
[BlackElo "2053"]
[Annotator "NA"]
[PlyCount "68"]
[EventDate "2019.09.07"]
[EventType "team-tourn"]
[EventCountry "POL"]
[SourceTitle "playchess.com"]
[Source "ChessBase"]
[SourceQuality "1"]
[TimeControl "40/5400+30:1800+30"]

1. e4 e6 2. d4 d5 3. Nd2 Nf6 4. e5 Nfd7 5. c3 c5 6. f4 Nc6 7. Ndf3 cxd4 8. cxd4 Qb6 9. Ne2 Bb4+ 10. Bd2 f6 11. a3 Be7 12. Bc3 O-O 13. Qd2 a5 14. Rd1 a4 15. Ng3 Na5 16. Bd3 f5 17. Qf2 Qa7 18. Ne2 Nb6 19. h3 Nbc4 20. g4 Qb6 21. Rb1 Bd7 22. Rg1 Bb5 23. Bc2 Rac8 24. gxf5 exf5 25. Qg3 Qh6 26. Ng5 Qh5 27. Bd3 Nb3 28. Rd1 Rc6 29. Kf2 Rg6 30. Qf3 Qxf3+ 31. Nxf3 Rxg1 32. Rxg1 Nxa3 33. Bxb5 Nxb5 34. Ra1 Nxa1 0-1

[Event "POL-chT 2 Liga 2019"]
[Site "Poronin"]
[Date "2019.09.10"]
[Round "4.48"]
[White "Trybowska, Barbara"]
[Black "Jakubiec, Edyta"]
[Result "0-1"]
[ECO "B90"]
[WhiteElo "1689"]
[BlackElo "2221"]
[Annotator "NA"]
[PlyCount "72"]
[EventDate "2019.09.07"]
[EventType "team-tourn"]
[EventCountry "POL"]
[SourceTitle "playchess.com"]
[Source "ChessBase"]
[SourceQuality "1"]
[TimeControl "40/5400+30:1800+30"]

1. e4 c5 2. Nf3 d6 3. d4 cxd4 4. Nxd4 Nf6 5. Nc3 a6 6. Be3 e5 7. Nb3 Be7 8. Be2 O-O 9. O-O Be6 10. Qd2 Nbd7 11. Rad1 Rc8 12. f3 Qc7 13. Bd3 Nb6 14. Qf2 Nc4 15. Bxc4 Bxc4 16. Bb6 Qb8 17. Ba7 Qa8 18. Rfe1 b5 19. Na5 Be6 20. Rd2 b4 21. Ne2 d5 22. exd5 Nxd5 23. Ng3 Rc7 24. Rxe5 Rxa7 25. Ne4 Rc7 26. Qg3 Qa7+ 27. Kh1 Ne3 28. Qf2 Nc4 29. Qxa7 Rxa7 30. Nxc4 Bxc4 31. b3 Bb5 32. Red5 Bc6 33. R5d4 g6 34. Nd6 Bf6 35. Rc4 Bc3 36. Re2 Bb5 0-1

[Event "POL-chT 2 Liga 2019"]
[Site "Poronin"]
[Date "2019.09.10"]
[Round "4.51"]
[White "Bajerlein, Dawid"]
[Black "Komendecki, Jacek"]
[Result "1-0"]
[ECO "E33"]
[WhiteElo "2035"]
[BlackElo "2073"]
[Annotator "NA"]
[PlyCount "131"]
[EventDate "2019.09.07"]
[EventType "team-tourn"]
[EventCountry "POL"]
[SourceTitle "playchess.com"]
[Source "ChessBase"]
[SourceQuality "1"]
[TimeControl "40/5400+30:1800+30"]

1. d4 Nf6 2. c4 e6 3. Nc3 Bb4 4. Qc2 Nc6 5. Nf3 d6 6. a3 Bxc3+ 7. Qxc3 O-O 8. b4 e5 9. dxe5 Ne4 10. Qb3 a5 11. Bb2 axb4 12. axb4 Rxa1+ 13. Bxa1 Nxe5 14. Qb2 Re8 15. e3 Nxf3+ 16. gxf3 Nf6 17. Rg1 Kh8 18. Bd3 Re5 19. Qd4 Bf5 20. f4 c5 21. bxc5 Rxc5 22. e4 Bg6 23. f5 Bh5 24. f4 Qe7 25. Kf2 Ra5 26. Bb2 h6 27. h3 Ra2 28. Ra1 Rxa1 29. Bxa1 Ne8 30. Kg3 f6 31. Bc3 g5 32. fxg6 Bxg6 33. Bb4 Bh5 34. Qd5 Bf7 35. Qd4 Bh5 36. Qd5 Bf7 37. Qf5 Qe6 38. Qb5 Qe7 39. Qb6 Bh5 40. Qe3 Qg7+ 41. Kf2 Qd7 42. e5 dxe5 43. fxe5 Kg7 44. Bd2 Kg8 45. Be4 fxe5 46. Qxh6 Qf7+ 47. Ke1 Nf6 48. Qg5+ Qg7 49. Bxb7 Qxg5 50. Bxg5 Ne8 51. c5 Bf7 52. Bd8 Kg7 53. Bc8 Bd5 54. Bd7 Nf6 55. c6 Kf7 56. c7 Bb7 57. c8=Q Bxc8 58. Bxc8 Nd5 59. Kf2 Kg6 60. Kf3 Nf6 61. Ba5 Kg5 62. Bd8 Kg6 63. Bg4 Ne8 64. Be7 Kf7 65. Ba3 Kf6 66. Ke4 1-0

[Event "POL-chT 2 Liga 2019"]
[Site "Poronin"]
[Date "2019.09.10"]
[Round "4.52"]
[White "Kowalak, Piotr"]
[Black "Bernat, Marcin"]
[Result "1-0"]
[ECO "C00"]
[WhiteElo "2108"]
[BlackElo "2023"]
[Annotator "NA"]
[PlyCount "62"]
[EventDate "2019.09.07"]
[EventType "team-tourn"]
[EventCountry "POL"]
[SourceTitle "playchess.com"]
[Source "ChessBase"]
[SourceQuality "1"]
[TimeControl "40/5400+30:1800+30"]

1. e4 e6 2. d4 d5 3. Bd3 dxe4 4. Bxe4 Nf6 5. Bf3 c5 6. Ne2 Nc6 7. Be3 cxd4 8. Nxd4 Nxd4 9. Bxd4 Be7 10. O-O O-O 11. Nc3 Qa5 12. Qe2 Nd7 13. Rfd1 Bf6 14. Nb5 a6 15. Nd6 Qc7 16. Bxf6 Nxf6 17. Rd3 Rb8 18. c4 b6 19. b3 Bd7 20. Ne4 Nxe4 21. Qxe4 e5 22. Rad1 Be6 23. Qc6 Qxc6 24. Bxc6 a5 25. Rd6 Bf5 26. f3 h5 27. h4 Rfc8 28. R1d5 f6 29. Rb5 Bb1 30. a3 Ba2 31. a4 g6 1-0

[Event "POL-chT 2 Liga 2019"]
[Site "Poronin"]
[Date "2019.09.10"]
[Round "4.53"]
[White "Glatty, Zbigniew"]
[Black "Krawiec, Grzegorz"]
[Result "1/2-1/2"]
[ECO "B32"]
[WhiteElo "1845"]
[BlackElo "1792"]
[Annotator "NA"]
[PlyCount "58"]
[EventDate "2019.09.07"]
[EventType "team-tourn"]
[EventCountry "POL"]
[SourceTitle "playchess.com"]
[Source "ChessBase"]
[SourceQuality "1"]
[TimeControl "40/5400+30:1800+30"]

1. e4 c5 2. Nf3 Nc6 3. d4 cxd4 4. Nxd4 e5 5. Nb5 a6 6. Nd6+ Bxd6 7. Qxd6 Qf6 8. Qxf6 Nxf6 9. Nc3 d5 10. exd5 Nb4 11. Bd3 Nxd3+ 12. cxd3 Bf5 13. Bg5 Bxd3 14. O-O-O Bg6 15. Rhe1 Nd7 16. f3 f6 17. Be3 Rc8 18. Kd2 O-O 19. Ne4 Rc4 20. Rc1 Rfc8 21. Rxc4 Rxc4 22. Rc1 Rxc1 23. Kxc1 Bf7 24. Nc3 Kf8 25. b4 b6 26. d6 Bc4 27. a3 Kf7 28. Na4 Ke6 29. Nxb6 Nxb6 1/2-1/2

[Event "POL-chT 2 Liga 2019"]
[Site "Poronin"]
[Date "2019.09.10"]
[Round "4.54"]
[White "Karykowska, Anna"]
[Black "Kupsik, Joanna"]
[Result "1-0"]
[ECO "B28"]
[WhiteElo "1895"]
[BlackElo "1732"]
[Annotator "NA"]
[PlyCount "63"]
[EventDate "2019.09.07"]
[EventType "team-tourn"]
[EventCountry "POL"]
[SourceTitle "playchess.com"]
[Source "ChessBase"]
[SourceQuality "1"]
[TimeControl "40/5400+30:1800+30"]

1. e4 c5 2. Nf3 a6 3. Nc3 Nc6 4. d4 cxd4 5. Nxd4 e5 6. Nf5 d6 7. Ne3 Nf6 8. a4 Be6 9. Ned5 Bxd5 10. exd5 Ne7 11. a5 Rc8 12. Be3 Nd7 13. Bd3 Ng6 14. O-O Be7 15. Bf5 O-O 16. Na4 Rb8 17. Nb6 Nxb6 18. Bxb6 Qe8 19. Bc7 Ra8 20. Qg4 Qb5 21. c4 Qb4 22. Bxg6 hxg6 23. Qd7 Rfe8 24. Rac1 Rac8 25. c5 dxc5 26. d6 Bf6 27. Bb6 c4 28. Rfd1 Rb8 29. Qg4 Bd8 30. Rxc4 Qb5 31. d7 Re6 32. Rc8 1-0

[Event "POL-chT 2 Liga 2019"]
[Site "Poronin"]
[Date "2019.09.11"]
[Round "5.1"]
[White "Oglaza, Oskar"]
[Black "Lewicki, Miroslaw"]
[Result "1/2-1/2"]
[ECO "B90"]
[WhiteElo "2351"]
[BlackElo "2351"]
[Annotator "NA"]
[PlyCount "62"]
[EventDate "2019.09.07"]
[EventType "team-tourn"]
[EventCountry "POL"]
[SourceTitle "playchess.com"]
[Source "ChessBase"]
[SourceQuality "1"]
[TimeControl "40/5400+30:1800+30"]

1. e4 c5 2. Nf3 d6 3. d4 cxd4 4. Nxd4 Nf6 5. Nc3 a6 6. Bc4 g6 7. Bb3 Bg7 8. f3 Nc6 9. Be3 Qc7 10. Qd2 Na5 11. O-O-O Bd7 12. Bg5 Nxb3+ 13. Nxb3 Bc6 14. Bh6 Bxh6 15. Qxh6 O-O-O 16. Nd4 Kb8 17. Qe3 Rhe8 18. Nxc6+ Qxc6 19. Rhe1 Rc8 20. e5 dxe5 21. Qxe5+ Qc7 22. g4 Qxe5 23. Rxe5 e6 24. g5 Nh5 25. Ne4 Red8 26. Nd6 Rc7 27. Re4 Rcd7 28. Red4 Kc7 29. Rc4+ Kb8 30. Rcd4 Kc7 31. Rc4+ Kb8 1/2-1/2

[Event "POL-chT 2 Liga 2019"]
[Site "Poronin"]
[Date "2019.09.11"]
[Round "5.3"]
[White "Licznerski, Lukasz"]
[Black "Mis, Mieszko"]
[Result "1/2-1/2"]
[ECO "B40"]
[WhiteElo "2356"]
[BlackElo "2320"]
[Annotator "NA"]
[PlyCount "70"]
[EventDate "2019.09.07"]
[EventType "team-tourn"]
[EventCountry "POL"]
[SourceTitle "playchess.com"]
[Source "ChessBase"]
[SourceQuality "1"]
[TimeControl "40/5400+30:1800+30"]

1. e4 c5 2. Nf3 e6 3. c3 d5 4. e5 d4 5. Bd3 Nc6 6. O-O Nge7 7. Be4 Qc7 8. Re1 Ng6 9. Bxc6+ bxc6 10. cxd4 cxd4 11. Qa4 Bc5 12. b3 O-O 13. Ba3 Bxa3 14. Nxa3 c5 15. Nb5 Qb6 16. Nd6 Nxe5 17. Rxe5 Qxd6 18. Qc4 Bb7 19. Qxc5 Qd7 20. Qxd4 Qxd4 21. Nxd4 Rad8 22. Nf3 Bxf3 23. gxf3 Rxd2 24. Ra5 Rd7 25. Rc1 g6 26. Rc4 Rb8 27. Kf1 Rb6 28. Rca4 Rbb7 29. Rc5 Rd2 30. Kg2 Rbd7 31. Rc1 Rb2 32. Rf1 Rdd2 33. Rxa7 Rxa2 34. Rxa2 Rxa2 35. Rb1 Ra5 1/2-1/2

[Event "POL-chT 2 Liga 2019"]
[Site "Poronin"]
[Date "2019.09.11"]
[Round "5.4"]
[White "Szpar, Milosz"]
[Black "Punin, Andrii"]
[Result "1/2-1/2"]
[ECO "B01"]
[WhiteElo "2309"]
[BlackElo "2325"]
[Annotator "NA"]
[PlyCount "68"]
[EventDate "2019.09.07"]
[EventType "team-tourn"]
[EventCountry "POL"]
[SourceTitle "playchess.com"]
[Source "ChessBase"]
[SourceQuality "1"]
[TimeControl "40/5400+30:1800+30"]

1. e4 d5 2. exd5 Qxd5 3. Nc3 Qd8 4. d4 Nf6 5. Nf3 Bg4 6. h3 Bxf3 7. Qxf3 c6 8. Be3 e6 9. Ne4 Nxe4 10. Qxe4 Qd5 11. Bd3 Qxe4 12. Bxe4 Nd7 13. c4 Nf6 14. Bf3 Bb4+ 15. Ke2 O-O-O 16. Rhd1 a6 17. Rd3 Bd6 18. b4 e5 19. dxe5 Bxe5 20. Rb1 Rxd3 21. Kxd3 Rd8+ 22. Ke2 Bd4 23. Bf4 Be5 24. Be3 Bd4 25. Bf4 Be5 26. Bd2 Rd4 27. b5 axb5 28. cxb5 Ra4 29. bxc6 bxc6 30. Bxc6 Rxa2 31. Kd3 Ra3+ 32. Kc4 Ra2 33. Kd3 Ra3+ 34. Kc4 Ra2 {[%emt 0:00:10] Kd4} 1/2-1/2

[Event "POL-chT 2 Liga 2019"]
[Site "Poronin"]
[Date "2019.09.11"]
[Round "5.5"]
[White "Kowalczyk, Pawel"]
[Black "Mika, Tomasz"]
[Result "1-0"]
[ECO "A50"]
[WhiteElo "2294"]
[BlackElo "2136"]
[Annotator "NA"]
[PlyCount "83"]
[EventDate "2019.09.07"]
[EventType "team-tourn"]
[EventCountry "POL"]
[SourceTitle "playchess.com"]
[Source "ChessBase"]
[SourceQuality "1"]
[TimeControl "40/5400+30:1800+30"]

1. d4 Nf6 2. c4 d5 3. cxd5 Nxd5 4. e4 Nb6 5. Nc3 g6 6. Nf3 Bg7 7. Be3 Bg4 8. h3 Bxf3 9. gxf3 O-O 10. Be2 e6 11. h4 Nc6 12. e5 Qd7 13. Qd2 Rad8 14. Rd1 Qe7 15. Qc1 f6 16. f4 f5 17. h5 Qb4 18. a3 Qb3 19. Rh2 Nc4 20. Nb1 Nb6 21. Nd2 Qd5 22. Nf3 Rd7 23. h6 Bh8 24. Ng5 Nd8 25. Bf3 Qb3 26. Qc3 Qb5 27. b3 Nd5 28. Qc4 Qa5+ 29. Bd2 Qxa3 30. Nxe6 Nb6 31. Nxf8+ Nxc4 32. Nxd7 c6 33. Rh3 Nb2 34. Be2 Qe7 35. Rb1 Qxd7 36. Rxb2 b5 37. Rd3 Ne6 38. d5 cxd5 39. Bf3 d4 40. Rc2 a6 41. Rc6 g5 42. Rd6 1-0

[Event "POL-chT 2 Liga 2019"]
[Site "Poronin"]
[Date "2019.09.11"]
[Round "5.6"]
[White "Swiech, Joanna"]
[Black "Starosta, Martyna"]
[Result "1-0"]
[ECO "D83"]
[WhiteElo "2055"]
[BlackElo "1814"]
[Annotator "NA"]
[PlyCount "71"]
[EventDate "2019.09.07"]
[EventType "team-tourn"]
[EventCountry "POL"]
[SourceTitle "playchess.com"]
[Source "ChessBase"]
[SourceQuality "1"]
[TimeControl "40/5400+30:1800+30"]

1. d4 Nf6 2. c4 g6 3. Nc3 d5 4. Bf4 Bg7 5. e3 O-O 6. Rc1 c5 7. dxc5 Qa5 8. cxd5 Ne4 9. Nge2 Nxc5 10. a3 Nca6 11. Nd4 e5 12. dxe6 fxe6 13. Nb3 Qf5 14. Bd3 Qf7 15. O-O e5 16. Bg3 Be6 17. Nd2 Nc5 18. Bb1 Rd8 19. Qe2 Nc6 20. Nce4 Nb3 21. Nxb3 Bxb3 22. Nc5 Bd5 23. Be4 Na5 24. Bxd5 Rxd5 25. b4 b6 26. Ne4 Nb7 27. Ng5 Qd7 28. e4 Rd6 29. Qc4+ Kf8 30. Nxh7+ Ke7 31. Bh4+ Bf6 32. Nxf6 Rxf6 33. Rfd1 Nd6 34. Qd5 Rd8 35. Qxe5+ Qe6 36. Bxf6+ 1-0

[Event "POL-chT 2 Liga 2019"]
[Site "Poronin"]
[Date "2019.09.11"]
[Round "5.9"]
[White "Brzeski, Maciej"]
[Black "Tymrakiewicz, Rafal"]
[Result "1-0"]
[ECO "B12"]
[WhiteElo "2339"]
[BlackElo "2257"]
[Annotator "NA"]
[PlyCount "118"]
[EventDate "2019.09.07"]
[EventType "team-tourn"]
[EventCountry "POL"]
[SourceTitle "playchess.com"]
[Source "ChessBase"]
[SourceQuality "1"]
[TimeControl "40/5400+30:1800+30"]

1. e4 c6 2. d4 g6 3. f4 Bg7 4. Nf3 d5 5. e5 Bg4 6. h3 Bxf3 7. Qxf3 e6 8. Be3 Qb6 9. b3 Ne7 10. Bd3 Nd7 11. Nd2 f6 12. O-O O-O 13. Qe2 c5 14. Nf3 fxe5 15. dxe5 Bh6 16. g3 Nf5 17. Bf2 Nxg3 18. Bxg3 c4+ 19. Bf2 cxd3 20. Qxd3 Qb4 21. Nd4 Qe7 22. Bg3 Nc5 23. Qf3 Ne4 24. Qg4 Nxg3 25. Qxg3 Kh8 26. Kh1 Rac8 27. Rad1 b5 28. Qg4 Rfe8 29. Rd3 b4 30. h4 Rc3 31. Rxc3 bxc3 32. Rf3 Qf7 33. Kg2 a6 34. Ne2 Rc8 35. Qh3 Kg7 36. Nd4 Re8 37. Qg4 Kh8 38. Ne2 Rc8 39. Qh3 Bf8 40. Rxc3 Rxc3 41. Qxc3 Qf5 42. Qc8 Qg4+ 43. Ng3 Kg7 44. Qd7+ Kg8 45. c4 dxc4 46. bxc4 Bh6 47. Qd8+ Kf7 48. Qf6+ Kg8 49. Qd8+ Kf7 50. Qd7+ Kf8 51. f5 Bf4 52. Qc8+ Kf7 53. Qxe6+ Kf8 54. Qc8+ Kf7 55. Qd7+ Kf8 56. Qd8+ Kg7 57. f6+ Kf7 58. Qe7+ Kg8 59. Qd7 Kh8 1-0

[Event "POL-chT 2 Liga 2019"]
[Site "Poronin"]
[Date "2019.09.11"]
[Round "5.10"]
[White "Szoen, Dariusz"]
[Black "Lukasiewicz, Grzegorz"]
[Result "1-0"]
[ECO "D37"]
[WhiteElo "2415"]
[BlackElo "2164"]
[Annotator "NA"]
[PlyCount "69"]
[EventDate "2019.09.07"]
[EventType "team-tourn"]
[EventCountry "POL"]
[SourceTitle "playchess.com"]
[Source "ChessBase"]
[SourceQuality "1"]
[TimeControl "40/5400+30:1800+30"]

1. d4 d5 2. Nf3 Nf6 3. c4 e6 4. Nc3 Be7 5. e3 O-O 6. Qc2 b6 7. Bd3 Bb7 8. cxd5 exd5 9. g4 Nbd7 10. g5 Ne4 11. Nxe4 dxe4 12. Bxe4 Bxe4 13. Qxe4 Bxg5 14. Bd2 Bf6 15. Bc3 Re8 16. Qf4 c5 17. Rd1 Qe7 18. O-O Rac8 19. Rfe1 cxd4 20. exd4 Qd8 21. Ne5 Qc7 22. Qf5 Bxe5 23. dxe5 Nf8 24. Rd6 Re6 25. Red1 Rce8 26. Qd3 Qe7 27. f4 Rg6+ 28. Kh1 Qh4 29. Qf3 Ne6 30. f5 Ng5 31. Qc6 Rf8 32. fxg6 Ne4 33. gxh7+ Kxh7 34. Re1 Nf2+ 35. Kg2 1-0

[Event "POL-chT 2 Liga 2019"]
[Site "Poronin"]
[Date "2019.09.11"]
[Round "5.11"]
[White "Pulik, Krzysztof"]
[Black "Gmaj, Krzysztof"]
[Result "1-0"]
[ECO "C03"]
[WhiteElo "2131"]
[BlackElo "2120"]
[Annotator "NA"]
[PlyCount "139"]
[EventDate "2019.09.07"]
[EventType "team-tourn"]
[EventCountry "POL"]
[SourceTitle "playchess.com"]
[Source "ChessBase"]
[SourceQuality "1"]
[TimeControl "40/5400+30:1800+30"]

1. e4 e6 2. d4 d5 3. Nd2 h6 4. Ngf3 Nf6 5. Bd3 c5 6. dxc5 Bxc5 7. Qe2 Nc6 8. O-O O-O 9. c3 a5 10. h3 Re8 11. Rd1 Qe7 12. exd5 exd5 13. Qxe7 Rxe7 14. Nb3 Bb6 15. Nbd4 Bd7 16. Be3 Ba7 17. Re1 Nxd4 18. Nxd4 Ree8 19. Rad1 Ne4 20. Nb5 Bxe3 21. Rxe3 Nf6 22. Rxe8+ Rxe8 23. Nd4 Kf8 24. Kf1 Rb8 25. Bb5 Bxb5+ 26. Nxb5 Ke7 27. Rd3 Rc8 28. Ke2 Rc5 29. Nd4 g6 30. g4 Rc8 31. f3 Kd6 32. Re3 Rb8 33. a4 Re8 34. Rxe8 Nxe8 35. b4 axb4 36. cxb4 Nc7 37. Ke3 Ke5 38. f4+ Kd6 39. Kd3 Na6 40. Nb5+ Kc6 41. Kc3 f6 42. h4 Kd7 43. h5 gxh5 44. gxh5 b6 45. Nd4 Nc7 46. a5 bxa5 47. bxa5 Na6 48. Nf5 Nc5 49. Nxh6 Ne4+ 50. Kd4 Ng3 51. Kxd5 Nxh5 52. f5 Kc7 53. Kc5 Kb7 54. Kb5 Ng7 55. a6+ Ka7 56. Ka5 Ne8 57. Ng8 Nc7 58. Nxf6 Nxa6 59. Nd5 Nc5 60. f6 Nd7 61. f7 Kb7 62. Kb5 Nf8 63. Kc5 Kc8 64. Kd6 Kd8 65. Nf4 Nh7 66. Ng6 Kc8 67. Ke7 Kc7 68. Ne5 Kc8 69. Ng4 Kc7 70. Nf6 1-0

[Event "POL-chT 2 Liga 2019"]
[Site "Poronin"]
[Date "2019.09.11"]
[Round "5.12"]
[White "Kubicka, Anna"]
[Black "Lukasiewicz, Anna"]
[Result "1/2-1/2"]
[ECO "B36"]
[WhiteElo "2225"]
[BlackElo "2075"]
[Annotator "NA"]
[PlyCount "117"]
[EventDate "2019.09.07"]
[EventType "team-tourn"]
[EventCountry "POL"]
[SourceTitle "playchess.com"]
[Source "ChessBase"]
[SourceQuality "1"]
[TimeControl "40/5400+30:1800+30"]

1. e4 c5 2. Nf3 Nc6 3. d4 cxd4 4. Nxd4 g6 5. c4 Nf6 6. Nc3 Nxd4 7. Qxd4 d6 8. Be2 Bg7 9. Be3 O-O 10. Qd2 Be6 11. O-O Qa5 12. Rac1 Rfc8 13. b3 a6 14. f3 b5 15. Nd5 Qxd2 16. Bxd2 Nxd5 17. cxd5 Bd4+ 18. Kh1 Bd7 19. Rxc8+ Rxc8 20. Rc1 Rxc1+ 21. Bxc1 h5 22. g3 Kg7 23. Kg2 a5 24. Bg5 f6 25. Bd2 b4 26. Bc4 f5 27. Bg5 Kf7 28. h3 fxe4 29. fxe4 a4 30. Be2 axb3 31. axb3 e5 32. Bf1 Bc8 33. Kf3 Bd7 34. Bd2 Bc5 35. g4 hxg4+ 36. hxg4 Kf6 37. g5+ Ke7 38. Ba6 Kd8 39. Be3 Bxe3 40. Kxe3 Kc7 41. Be2 Kb6 42. Bd1 Kc5 43. Bf3 Kb6 44. Be2 Kc5 45. Bd1 Kb6 46. Kd2 Kc5 47. Kd3 Bb5+ 48. Ke3 Bd7 49. Bf3 Kb6 50. Be2 Kc5 51. Bd1 Kb6 52. Kd3 Bb5+ 53. Kd2 Bd7 54. Ke3 Kc5 55. Be2 Kb6 56. Bf3 Kc5 57. Kd3 Bb5+ 58. Ke3 Bd7 59. Be2 1/2-1/2

[Event "POL-chT 2 Liga 2019"]
[Site "Poronin"]
[Date "2019.09.11"]
[Round "5.13"]
[White "Stachowiak, Kamil"]
[Black "Polok, Kacper"]
[Result "1-0"]
[ECO "E11"]
[WhiteElo "2444"]
[BlackElo "2307"]
[Annotator "NA"]
[PlyCount "75"]
[EventDate "2019.09.07"]
[EventType "team-tourn"]
[EventCountry "POL"]
[SourceTitle "playchess.com"]
[Source "ChessBase"]
[SourceQuality "1"]
[TimeControl "40/5400+30:1800+30"]

1. d4 Nf6 2. Nf3 e6 3. c4 Bb4+ 4. Nbd2 b6 5. g3 Bb7 6. Bg2 O-O 7. O-O Bxd2 8. Bxd2 d6 9. b4 Nbd7 10. Bc3 Qe7 11. Qb3 Be4 12. Rfe1 c6 13. Bf1 Bxf3 14. exf3 d5 15. b5 Qd6 16. Bb4 c5 17. Ba3 Rfc8 18. Rad1 Rc7 19. f4 Rd8 20. f5 Nf8 21. dxc5 bxc5 22. fxe6 fxe6 23. cxd5 exd5 24. Bg2 Rcd7 25. Bb2 c4 26. Qe3 Re8 27. Qd2 Rxe1+ 28. Qxe1 Re7 29. Qd2 N8d7 30. a4 Nc5 31. Bxf6 gxf6 32. Bxd5+ Kg7 33. Qd4 Rd7 34. Qxc4 Kf8 35. Bf3 Qe7 36. Rxd7 Nxd7 37. Qc8+ Kg7 38. Qb7 1-0

[Event "POL-chT 2 Liga 2019"]
[Site "Poronin"]
[Date "2019.09.11"]
[Round "5.14"]
[White "Wieczorek, Zbigniew"]
[Black "Piotrowski, Przemyslaw"]
[Result "1/2-1/2"]
[ECO "A04"]
[WhiteElo "2193"]
[BlackElo "2293"]
[Annotator "NA"]
[PlyCount "118"]
[EventDate "2019.09.07"]
[EventType "team-tourn"]
[EventCountry "POL"]
[SourceTitle "playchess.com"]
[Source "ChessBase"]
[SourceQuality "1"]
[TimeControl "40/5400+30:1800+30"]

1. Nf3 g6 2. g3 Bg7 3. c4 e5 4. Nc3 Ne7 5. Bg2 c5 6. O-O Nbc6 7. d3 O-O 8. a3 h6 9. Rb1 f5 10. Nd5 a5 11. Ne1 Nxd5 12. cxd5 Nd4 13. a4 f4 14. e3 fxe3 15. fxe3 Rxf1+ 16. Bxf1 Nf5 17. e4 Nd4 18. Nf3 Nxf3+ 19. Qxf3 d6 20. Bd2 Bd7 21. Qd1 Qb6 22. Qc1 Kh7 23. b3 Rf8 24. Qe1 Ra8 25. h4 Qd8 26. Kh2 g5 27. hxg5 hxg5 28. Qe3 Kg6 29. Kg2 Qe7 30. Be2 b6 31. Rh1 Rh8 32. Rxh8 Bxh8 33. Bf3 Bf6 34. Qe2 Qf8 35. Bh5+ Kg7 36. Bg4 Qc8 37. Bxd7 Qxd7 38. Qh5 Qe7 39. Qg4 Kh6 40. Qf5 Kh5 41. Kf3 Qg7 42. Qh3+ Kg6 43. Qe6 Qe7 44. Qf5+ Kh5 45. Ke2 Bg7 46. g4+ Kh6 47. Kd1 Bf6 48. Kc2 Kg7 49. Kc3 Qd8 50. Kc4 Be7 51. Qe6 Kf8 52. Qg6 Bf6 53. Qf5 Ke8 54. Qe6+ Kf8 55. Kb5 Be7 56. Qh6+ Ke8 57. Qe6 Kf8 58. Qh6+ Ke8 59. Kc4 Kd7 1/2-1/2